 Dungeon Crawl Stone Soup version 0.27-a0-1321-gd358eaa319 (webtiles) character file.

Game seed: 7769477304269849067

130367 Nattfarinn the Peltast (level 17, -4/154 HPs)
             Began as a Hill Orc Gladiator on June 22, 2021.
             Was the Champion of Okawaru.
             Killed from afar by a frost giant (45 damage)
             ... with a bolt of cold
             ... on level 15 of the Dungeon.
             The game lasted 01:26:17 (28750 turns).

Nattfarinn the Peltast (Hill Orc Gladiator)        Turns: 28750, Time: 01:26:18

Health: -4/154     AC: 23    Str: 34    XL:     17   Next: 7%
Magic:  23/23      EV: 21    Int: 11    God:    Okawaru [******]
Gold:   1540       SH: 25    Dex: 25    Spells: 16/16 levels left

rFire    . . .     SeeInvis +   w - +11 dagger "Xipis" {drain, rCorr}
rCold    . . .     Faith    .   T - +2 tower shield {reflect}
rNeg     + . .     Spirit   .   v - +2 chain mail of Sied {Contam rN+ Str+3 Int+4}
rPois    .         Reflect  +   W - +0 helmet "Basch" {Contam Drain Will+++ Str+4}
rElec    +         Harm     .   Y - +0 cloak of Luzxeth {Str+3 Dex+7}
rCorr    +         Rampage  .   Q - +2 pair of gloves of the Lich-sworn {rElec rCorr Int-4 Stlth+}
Will     ++++.                  u - +2 pair of boots
Stlth    ..........             g - amulet of Scepticism {Regen+ Int+3 Slay+3 SInv}
HPRegen  1.35/turn              s - +4 ring of evasion
MPRegen  0.18/turn              H - +6 ring of dexterity

@: about to teleport, studying Dodging
A: no striking features
a: Renounce Religion, Heroism, Finesse


You were on level 15 of the Dungeon.
You worshipped Okawaru.
Okawaru was exalted by your worship.
You visited 5 branches of the dungeon, and saw 25 of its levels.
You also visited: Sewer and Gauntlet.

You collected 2883 gold pieces.
You spent 1343 gold pieces at shops.

Inventory:

Hand Weapons
 w - the +11 dagger "Xipis" (weapon) {drain, rCorr}
   (You found it on level 5 of the Dungeon)

   A truly terrible weapon, it drains the life of those it strikes.
   It protects you from acid and corrosion.
 D - the +11 flail of Causality {venom, rF+ Str-2 SInv}
   (You found it on level 6 of the Dungeon)

   It poisons the flesh of those it strikes.
   It affects your strength (-2).
   It protects you from fire.
   It lets you see invisible.
Missiles
 d - 2 throwing nets
 e - 31 silver javelins
 A - 66 poisoned darts
 O - 7 atropa-tipped darts
 X - 7 curare-tipped darts (quivered)
Armour
 b - the +6 ring mail "Qoublavaxa" {+Blink rElec rCorr Str-5}
   (You found it on level 13 of the Dungeon)

   It affects your strength (-5).
   It insulates you from electricity.
   It lets you blink.
   It protects you from acid and corrosion.
 q - the +7 plate armour of Day {Harm *Slow Str+9}
   (You bought it in a shop on level 2 of the Orcish Mines)

   It affects your strength (+9).
   It may slow you when you take damage.
   It increases damage dealt and taken.
 u - a +2 pair of boots (worn)
 v - the +2 chain mail of Sied (worn) {Contam rN+ Str+3 Int+4}
   (You found it on level 4 of the Dungeon)

   It affects your strength (+3).
   It affects your intelligence (+4).
   It protects you from negative energy.
   It causes magical contamination when unequipped.
 Q - the +2 pair of gloves of the Lich-sworn (worn) {rElec rCorr Int-4 Stlth+}
   (Okawaru gifted it to you on level 11 of the Dungeon)

   It affects your intelligence (-4).
   It insulates you from electricity.
   It protects you from acid and corrosion.
   It makes you more stealthy.
 T - a +2 tower shield of reflection (worn)
 W - the +0 helmet "Basch" (worn) {Contam Drain Will+++ Str+4}
   (Okawaru gifted it to you on level 1 of the Lair of Beasts)

   It affects your strength (+4).
   It causes magical contamination when unequipped.
   It drains your maximum health when unequipped.
   It greatly increases your willpower.
 Y - the +0 cloak of Luzxeth (worn) {Str+3 Dex+7}
   (You found it in a Gauntlet)

   It affects your strength (+3).
   It affects your dexterity (+7).
Jewellery
 c - the ring "Efogekad" {Ice Int+2 SInv}
   (You found it in a Gauntlet)

   [ring of ice]

   It enhances your ice magic.
   It affects your intelligence (+2).
   It makes you vulnerable to fire.
   It protects you from cold.
   It lets you see invisible.
 g - the amulet of Scepticism (around neck) {Regen+ Int+3 Slay+3 SInv}
   (You found it on level 3 of the Lair of Beasts)

   [amulet of regeneration]

   It affects your intelligence (+3).
   It affects your accuracy and damage with ranged weapons and melee attacks
   (+3).
   It lets you see invisible.
   It increases your rate of health regeneration.
 s - a +4 ring of evasion (left hand)
 H - a +6 ring of dexterity (right hand)
 U - the amulet "Leokk" {Acrobat rN++}
   (You found it in a Gauntlet)

   [amulet of the acrobat]

   It increases your evasion while moving and waiting.
   It greatly protects you from negative energy.
Wands
 a - a wand of acid (3)
 r - a wand of charming (19)
 y - a wand of flame (30)
 F - a wand of iceblast (21)
 G - a wand of paralysis (17)
 I - a wand of mindburst (20)
 K - a wand of polymorph (16)
Scrolls
 f - 2 scrolls of blinking
 k - 2 scrolls of fog
 p - 5 scrolls of teleportation
 t - 8 scrolls of amnesia
 C - 4 scrolls of silence
 J - 3 scrolls of enchant weapon
 L - 2 scrolls of torment
 N - a scroll of holy word
 S - 2 scrolls of immolation
 V - 5 scrolls of fear
Potions
 j - 3 potions of brilliance
 l - 6 potions of haste
 m - a potion of might {unknown}
 n - 5 potions of cancellation
 o - 7 potions of curing
 x - 7 potions of magic
 z - 2 potions of attraction
 B - 6 potions of flight
 E - 3 potions of lignification
 M - 4 potions of mutation
 P - 2 potions of ambrosia
 Z - 2 potions of invisibility {unknown}
Miscellaneous
 h - a phantom mirror


   Skills:
 - Level 14.8 Fighting
 - Level 10.0 Short Blades
 - Level 8.7(13.1) Axes
 - Level 13.3(14.0) Maces & Flails
 + Level 2.4 Throwing
 - Level 10.4 Armour
 - Level 12.1 Dodging
 - Level 15.1 Shields
 - Level 9.1 Invocations
 * Level 2.3 Evocations


You had 16 spell levels left.
You didn't know any spells.
Your spell library contained the following spells:

 Spells                   Type           Power      Damage    Failure   Level
 Animate Skeleton         Necr           0%         N/A       99%         1
 Apportation              Tloc           0%         N/A       99%         1
 Beastly Appendage        Tmut           0%         N/A       99%         1
 Corona                   Hex            0%         N/A       99%         1
 Freeze                   Ice            0%         1d3       99%         1
 Magic Dart               Conj           0%         1d3       99%         1
 Pain                     Necr           0%         1d4       99%         1
 Shock                    Conj/Air       0%         1d3       99%         1
 Sting                    Tmut/Pois      0%         1d3       99%         1
 Summon Small Mammal      Summ           0%         N/A       99%         1
 Blink                    Tloc           N/A        N/A       99%         2
 Call Imp                 Summ           0%         N/A       99%         2
 Poisonous Vapours        Pois/Air       0%         N/A       99%         2
 Searing Ray              Conj           0%         3d3       99%         2
 Slow                     Hex            0%         N/A       99%         2
 Static Discharge         Conj/Air       0%         N/A       99%         2
 Wereblood                Tmut           0%         N/A       99%         2
 Confusing Touch          Hex            0%         N/A       100%        3
 Conjure Flame            Conj/Fire      0%         6-21      100%        3
 Dazzling Flash           Conj/Hex       0%         N/A       100%        3
 Frozen Ramparts          Ice            0%         1d2       100%        3
 Gell's Gravitas          Tloc           0%         N/A       100%        3
 Ignite Poison            Fire/Tmut/Pois 0%         N/A       100%        3
 Inner Flame              Hex/Fire       0%         N/A       100%        3
 Lesser Beckoning         Tloc           0%         N/A       100%        3
 Mephitic Cloud           Conj/Pois/Air  0%         N/A       100%        3
 Ozocubu's Armour         Ice            0%         N/A       100%        3
 Portal Projectile        Hex/Tloc       0%         N/A       100%        3
 Spider Form              Tmut/Pois      0%         N/A       100%        3
 Swiftness                Air            0%         N/A       100%        3
 Teleport Other           Tloc           0%         N/A       100%        3
 Vampiric Draining        Necr           0%         2d6       100%        3
 Airstrike                Air            0%         N/A       100%        4
 Animate Dead             Necr           0%         N/A       100%        4
 Cause Fear               Hex            0%         N/A       100%        4
 Fulminant Prism          Conj/Hex       0%         3d6       100%        4
 Hailstorm                Conj/Ice       0%         3d3       100%        4
 Ice Form                 Ice/Tmut       0%         N/A       100%        4
 Iskenderun's Mystic Bla  Conj/Tloc      0%         2d3       100%        4
 Leda's Liquefaction      Hex/Erth       0%         N/A       100%        4
 Olgreb's Toxic Radiance  Pois           0%         N/A       100%        4
 Petrify                  Tmut/Erth      0%         N/A       100%        4
 Agony                    Necr           0%         N/A       100%        5
 Fireball                 Conj/Fire      0%         3d3       100%        5
 Freezing Cloud           Conj/Ice/Air   0%         6-21      100%        5
 Lightning Bolt           Conj/Air       0%         1d11      100%        5
 Manifold Assault         Tloc           0%         N/A       100%        5
 Metabolic Englaciation   Hex/Ice        0%         N/A       100%        5
 Summon Forest            Summ/Tloc      0%         N/A       100%        5
 Summon Mana Viper        Hex/Summ       0%         N/A       100%        5
 Yara's Violent Unravell  Hex/Tmut       0%         3d3       100%        5
 Shadow Creatures         Summ           N/A        N/A       100%        6
 Summon Hydra             Summ           0%         N/A       100%        7


Dungeon Overview and Level Annotations

Branches:
Dungeon (15/15)            Temple (1/1) D:5            Lair (6/6) D:10
 Shoals (0/4) Lair:3        Snake (0/4) Lair:3        Slime (0/5) Lair:6
    Orc (2/2) D:10            Elf (0/3) Orc:2        Vaults (0/5) D:14
 Depths (1/5) D:15          Sewer (visited)         Gauntlet (visited)

Altars:
Cheibriados
Dithmenos
Elyvilon
Fedhas
Gozag
Hepliaklqana
Makhleb
Nemelex Xobeh
Okawaru
Qazlal
Ru
Trog
Uskayaw
Vehumet
Wu Jian
Xom
Yredelemnul
Zin
The Shining One
Beogh
Jiyva

Shops:
D:12 [   Orc:2 =!([*

Annotations:
D:5 2 runed translucent doors, Crazy Yiuf; Thargor's ghost, novice GrFi


Message History

The water elemental is severely damaged.
* * * LOW HITPOINT WARNING * * *
Your lungs strain for air!
You block the water elemental's attack.
You feel much better.
* * * LOW HITPOINT WARNING * * *
Your lungs strain for air!
The water elemental completely misses you.
You puncture the water elemental!
The water elemental is almost destroyed.
* * * LOW HITPOINT WARNING * * *
Your lungs strain for air!
You block the water elemental's attack.
You puncture the water elemental!
You destroy the water elemental!
Okawaru accepts your kill.
You gasp with relief as air once again reaches your lungs.
You start resting.
HP restored.
You climb downwards.
Welcome back to the Depths!
The cyan ugly thing basks in the mutagenic energy from its kin and changes!
There is a staircase back to the Dungeon, spattered with blood here.
Unknown command.
The cyan very ugly thing gurgles horribly!
You block the cyan very ugly thing's attack.
The frost giant points at you and mumbles some strange words.
The bolt of cold hits you!!!
You climb upwards.
Welcome back to the Dungeon!
There is a staircase to the Depths, spattered with blood here.
You barely miss the cyan very ugly thing.
The cyan very ugly thing barely misses you.
The frost giant points at you and mumbles some strange words.
The bolt of cold hits you!! x2
* * * LOW HITPOINT WARNING * * *
As you read the scroll of teleportation, it crumbles to dust.
You feel strangely unstable.
You block the cyan very ugly thing's attack.
The frost giant casts a spell at you. The bolt of cold hits you!!!
You die...

#..###+#.........###########
.......'.........#
<......#.........#
.†.....#.....#######
#......#....##.....#########
#.∩....##..##......÷##.....#
........#..#[.#####÷.#.....#
........#.†#[.#..u#..#.....#
........#..†.)#†@.'..#.....#
#....##.#..#).#..C#..#.....######
#....##.####..#####..#.##........
...........##.[.....##.#...#.....
............##..[..##..#...#.....
.............#######...#...#.....
.....§§§.....#.........#...#.....
...##.§§.....#.........#...#.....
..##§§#......'.........#...#.....


You could see a frost giant and a cyan very ugly thing.

Vanquished Creatures
  Jorgrun (D:14)
  Gastronok (Lair:1)
  2 orc warlords
  An ironbound preserver (D:14)
  6 very ugly things
  Azrael (D:13)
  2 dire elephants
  A minotaur (Gauntlet)
  A fire dragon (D:14)
  Josephine (Lair:4)
  Fannar (Lair:1)
  Harold (D:8)
  2 boulder beetles
  11 hydras
  3 centaur warriors
  A catoblepas (D:14)
  6 two-headed ogres
  A merfolk avatar (Lair:6)
  4 tengu warriors
  14 death yaks
  An orc high priest (Orc:2)
  8 skeletal warriors
  A flayed ghost (D:13)
  A deep troll (D:13)
  A wizard (D:15)
  A harpy (Lair:6)
  2 necromancers
  A deep elf zephyrmancer (D:13)
  2 mana vipers (shapeshifter) (Gauntlet)
  5 deep elf pyromancers
  Pikel (D:6)
  4 orc knights
  4 manticores
  5 orc sorcerers (Orc:2)
  12 elephants
  7 ugly things
  5 cyclopes
  2 naga magi (D:15)
  4 black mambas
  A torpor snail (Lair:3)
  Maurice (D:8)
  A gargoyle (D:10)
  25 cane toads
  3 centaur skeletons (D:15)
  Psyche (D:8)
  An unseen horror (D:6)
  11 rime drakes
  2 efreet (D:14)
  2 tengu conjurers (D:13)
  A freezing wraith (D:14)
  14 komodo dragons
  8 trolls
  A wind drake (Lair:6)
  A meliai (shapeshifter) (D:14)
  A jumping spider (shapeshifter) (Gauntlet)
  5 hornets
  5 polar bears
  A raiju (shapeshifter) (D:14)
  An ettin zombie (Depths:1)
  9 blink frogs
  A raiju (Gauntlet)
  Grinder (Sewer)
  6 slime creatures
  9 dream sheep
  A spriggan skeleton (Depths:1)
  2 shadows
  2 wyverns
  A centaur simulacrum (D:15)
  4 water elementals
  52 yaks
  5 fire elementals (D:13)
  5 wraiths
  15 basilisks
  2 steam dragons (Gauntlet)
  7 vampire mosquitoes
  Grum (D:10)
  A spriggan simulacrum (Depths:1)
  Menkaure (D:5)
  A swamp worm (shapeshifter) (Gauntlet)
  16 water moccasins
  3 wargs
  A harpy simulacrum (D:15)
  An acid dragon (D:8)
  A hell hound (D:13)
  42 orc warriors
  3 ice beasts (D:15)
  5 black bears
  2 necrophages
  An elf simulacrum (Depths:1)
  11 ogres
  13 centaurs
  13 wolves
  A phantom (D:6)
  A kobold brigand (Sewer)
  13 bullfrogs
  A scorpion (D:7)
  A scorpion (shapeshifter) (D:14)
  A wyvern zombie (D:9)
  2 gnoll sergeants
  2 wyvern skeletons
  A water moccasin skeleton (D:5)
  11 killer bees
  A howler monkey (D:10)
  12 wights
  11 electric eels
  A lava snake (D:10)
  3 bullfrog zombies
  A centaur zombie (D:7)
  2 quasits (Sewer)
  A bullfrog skeleton (D:7)
  3 hounds
  29 orc priests
  2 jellies
  3 gnoll shamans
  3 iguanas
  Natasha (thrice) (D:2)
  2 hell rats (Lair:1)
  31 orc wizards
  A killer bee zombie (D:8)
  19 adders
  26 gnolls
  11 river rats (Lair:1)
  2 shadow imps (D:7)
  2 white imps (D:15)
  6 ufetubi (Sewer)
  A worm (D:2)
  3 dart slugs
  119 orcs
  7 ball pythons
  A bat zombie (Sewer)
  10 endoplasms
  5 giant cockroaches
  7 goblins
  9 hobgoblins
  11 jackals
  2 quokkas
  10 bats
  4 frilled lizards
  22 kobolds
  A kobold zombie (Sewer)
  4 rats
877 creatures vanquished.

Vanquished Creatures (others)
  A cyclops (D:14)
  A slime creature (D:14)
  A kobold zombie (Sewer)
  51 fungi
  148 plants
202 creatures vanquished.

Grand Total: 1079 creatures vanquished

Notes
Turn   | Place    | Note
-------+----------+-------------------------------------------
     0 | D:1      | Nattfarinn the Hill Orc Gladiator began the quest for the
                  | Orb.
     0 | D:1      | Reached XP level 1. HP: 18/18 MP: 1/1
    55 | D:1      | Reached skill level 1 in Armour
    55 | D:1      | Reached XP level 2. HP: 6/25 MP: 2/2
   549 | D:1      | Reached XP level 3. HP: 23/31 MP: 3/3
  1211 | D:2      | Reached XP level 4. HP: 29/40 MP: 4/4
  1447 | D:2      | Noticed Natasha
  1461 | D:2      | Killed Natasha
  1563 | D:2      | Noticed Natasha
  1571 | D:2      | Killed Natasha
  1572 | D:2      | Reached XP level 5. HP: 26/46 MP: 5/5
  1982 | D:2      | Noticed Natasha
  1989 | D:2      | Killed Natasha
  1990 | D:2      | Reached skill level 5 in Axes
  2447 | D:3      | Found a faded altar of an unknown god.
  2716 | D:3      | Reached skill level 5 in Fighting
  2716 | D:3      | Reached XP level 6. HP: 56/56 MP: 6/6
  3148 | D:3      | Found a glowing golden altar of the Shining One.
  3284 | D:4      | Identified the +2 chain mail of Sied {Contam rN+ Str+3
                  | Int+4}
  3495 | D:4      | Noticed a necrophage
  3504 | D:4      | Killed a necrophage
  3740 | D:4      | Found a glowing silver altar of Zin.
  3779 | D:5      | Entered Level 5 of the Dungeon
  3785 | D:5      | Identified the +11 dagger "Xipis" {drain, rCorr}
  3793 | D:5      | Reached XP level 7. HP: 62/62 MP: 7/7
  3825 | D:5      | Reached skill level 5 in Armour
  4006 | D:5      | Reached XP level 8. HP: 72/73 MP: 8/8
  4028 | D:5      | Found a staircase to the Ecumenical Temple.
  4035 | Temple   | Entered the Ecumenical Temple
  4077 | Temple   | Became a worshipper of Warmaster Okawaru
  4292 | D:5      | Found a runed translucent door.
  4297 | D:5      | Noticed Thargor's ghost (novice GrFi)
  4325 | D:5      | Found a runed translucent door.
  4326 | D:5      | Noticed Crazy Yiuf
  4607 | D:5      | Noticed Menkaure
  4618 | D:5      | Killed Menkaure
  4744 | D:6      | Reached * piety under Okawaru
  4866 | D:6      | Killed an unseen horror
  5050 | D:6      | Reached XP level 9. HP: 82/82 MP: 9/9
  5160 | D:6      | Found a glowing drain.
  5172 | Sewer    | Entered a sewer
  5311 | Sewer    | Found a burning altar of Makhleb.
  5400 | Sewer    | Noticed Grinder
  5412 | Sewer    | Killed Grinder
  5412 | Sewer    | Reached ** piety under Okawaru
  5779 | D:6      | Noticed Pikel
  5799 | D:6      | Killed Pikel
  5799 | D:6      | Reached *** piety under Okawaru
  6031 | D:6      | Reached skill level 10 in Fighting
  6142 | D:6      | Identified the +11 flail of Causality {venom, rF+ Str-2
                  | SInv}
  6522 | D:7      | Reached skill level 1 in Invocations
  6718 | D:7      | Reached skill level 1 in Shields
  6758 | D:7      | Found a stormy altar of Qazlal.
  6767 | D:7      | Found a bloodstained altar of Trog.
  7183 | D:7      | Reached skill level 2 in Shields
  7183 | D:7      | Reached XP level 10. HP: 93/93 MP: 12/12
  7548 | D:8      | Noticed Maurice
  7571 | D:8      | Killed Maurice
  7572 | D:8      | Reached skill level 3 in Shields
  7572 | D:8      | Reached skill level 5 in Invocations
  7952 | D:8      | Reached **** piety under Okawaru
  8513 | D:8      | Noticed a two-headed ogre
  8523 | D:8      | Killed a two-headed ogre
  8524 | D:8      | Reached skill level 4 in Shields
  8542 | D:8      | Reached skill level 10 in Armour
  9178 | D:8      | Noticed Psyche
  9213 | D:8      | Killed Psyche
  9353 | D:8      | Noticed Harold
  9369 | D:8      | Killed Harold
  9369 | D:8      | Reached ***** piety under Okawaru
  9370 | D:8      | Reached skill level 5 in Shields
  9370 | D:8      | Reached XP level 11. HP: 99/99 MP: 17/17
  9604 | D:9      | Found a shadowy altar of Dithmenos.
 10333 | D:10     | Entered Level 10 of the Dungeon
 10539 | D:10     | Noticed a cyclops
 10573 | D:10     | Received a gift from Okawaru
 10584 | D:10     | Killed a cyclops
 10585 | D:10     | Reached skill level 5 in Dodging
 10694 | D:10     | Noticed a two-headed ogre
 10701 | D:10     | Killed a two-headed ogre
 10707 | D:10     | Noticed a two-headed ogre
 10718 | D:10     | Killed a two-headed ogre
 10989 | D:10     | Noticed Grum
 10996 | D:10     | Killed Grum
 11007 | D:10     | Noticed a two-headed ogre
 11022 | D:10     | Killed a two-headed ogre
 11275 | D:10     | Found a staircase to the Orcish Mines.
 11455 | D:10     | Found a snail-covered altar of Cheibriados.
 11468 | D:10     | Found a staircase to the Lair.
 11888 | D:11     | Reached skill level 1 in Short Blades
 11978 | D:11     | Noticed a centaur warrior
 11980 | D:11     | Noticed a two-headed ogre
 11981 | D:11     | Noticed an eight-headed hydra
 11987 | D:11     | Killed a centaur warrior
 11987 | D:11     | Reached ****** piety under Okawaru
 11987 | D:11     | Identified the +2 pair of gloves of the Lich-sworn {rElec
                  | rCorr Int-4 Stlth+} (Okawaru gifted it to you on level 11
                  | of the Dungeon)
 11987 | D:11     | Received a gift from Okawaru
 11988 | D:11     | Reached XP level 12. HP: 72/106 MP: 18/18
 12000 | D:11     | Killed a two-headed ogre
 12009 | D:11     | Killed an eight-headed hydra
 12010 | D:11     | Reached skill level 5 in Short Blades
 13085 | Lair:1   | Entered Level 1 of the Lair of Beasts
 13511 | Lair:1   | Noticed Fannar
 13531 | Lair:1   | Killed Fannar
 13737 | Lair:1   | Identified the +0 scale mail "Hyzixoxo" {rF+ Regen+ Int+2
                  | Dex-4}
 13885 | Lair:1   | Noticed Gastronok
 13900 | Lair:1   | Killed Gastronok
 13900 | Lair:1   | Identified the +0 helmet "Basch" {Contam Drain Will+++
                  | Str+4} (Okawaru gifted it to you on level 1 of the Lair of
                  | Beasts)
 13900 | Lair:1   | Received a gift from Okawaru
 14298 | Lair:2   | Reached skill level 10 in Short Blades
 14356 | Lair:2   | Reached skill level 1 in Maces & Flails
 14563 | Lair:2   | Reached XP level 13. HP: 114/114 MP: 19/19
 15336 | Lair:3   | Reached skill level 5 in Maces & Flails
 15744 | Lair:3   | Received a gift from Okawaru
 16247 | Lair:3   | Identified the amulet of Scepticism {Regen+ Int+3 Slay+3
                  | SInv}
 16566 | Lair:3   | Found a staircase to the Shoals.
 16586 | Lair:3   | Found a staircase to the Snake Pit.
 16640 | Lair:3   | Received a gift from Okawaru
 16648 | Lair:3   | Reached skill level 10 in Maces & Flails
 16836 | Lair:3   | Reached XP level 14. HP: 127/127 MP: 20/20
 17434 | Lair:4   | Noticed Josephine
 17459 | Lair:4   | Killed Josephine
 18306 | Lair:5   | Identified the +1 robe of Whack-A-Mole {rF+ Will+ Str-3}
 18630 | Lair:5   | Received a gift from Okawaru
 19308 | Lair:6   | Entered Level 6 of the Lair of Beasts
 19428 | Lair:6   | Noticed a dire elephant
 19456 | Lair:6   | Killed a dire elephant
 19578 | Lair:6   | Reached skill level 6 in Shields
 19894 | Lair:6   | Reached XP level 15. HP: 131/138 MP: 21/21
 19933 | Lair:6   | Reached skill level 7 in Shields
 20042 | Lair:6   | Received a gift from Okawaru
 20132 | Lair:6   | Found a viscous altar of Jiyva.
 20133 | Lair:6   | Found a staircase to the Slime Pits.
 20155 | Lair:6   | Reached skill level 8 in Shields
 20163 | Lair:6   | Received a gift from Okawaru
 20284 | Lair:6   | Identified the Guide on the Volcanoes and Summoning
 20287 | Lair:6   | Identified the +8 short sword of Defence {elec, rCorr}
 20989 | D:12     | Reached skill level 9 in Shields
 21065 | D:12     | Found a portal to a secret trove of treasure.
 21302 | D:12     | Found Ilaxuec's Armour Shop.
 21803 | D:12     | Reached skill level 10 in Shields
 21838 | D:13     | Identified the +6 ring mail "Qoublavaxa" {+Blink rElec
                  | rCorr Str-5}
 21867 | D:13     | Received a gift from Okawaru
 21934 | D:13     | Noticed Azrael
 21995 | D:13     | Killed Azrael
 22343 | D:13     | Reached skill level 11 in Shields
 22795 | D:14     | Noticed Jorgrun
 22811 | D:14     | Killed Jorgrun
 22811 | D:14     | Received a gift from Okawaru
 22928 | D:14     | Reached skill level 12 in Shields
 23104 | D:14     | Identified the +0 leather armour of Winter {rCorr Dex+2}
 23243 | D:14     | Identified the +5 ring mail of Happy Babbling {-Tele rElec
                  | Dex+3}
 23377 | D:14     | Found a gate to the Vaults.
 23448 | D:14     | Reached XP level 16. HP: 147/147 MP: 22/22
 23495 | D:14     | Reached skill level 13 in Shields
 24004 | D:14     | Reached skill level 14 in Shields
 24331 | D:15     | Entered Level 15 of the Dungeon
 24365 | D:15     | Found a gate leading to a gauntlet.
 24373 | Gauntlet | Entered a Gauntlet
 24373 | Gauntlet | Found a transporter.
 24373 | Gauntlet | Found a transporter.
 24385 | Gauntlet | Found a transporter.
 24403 | Gauntlet | Found a transporter.
 24403 | Gauntlet | Found a transporter.
 24405 | Gauntlet | Found a transporter.
 24405 | Gauntlet | Found a transporter.
 24406 | Gauntlet | Found a transporter.
 24417 | Gauntlet | Found a transporter.
 24433 | Gauntlet | Found a transporter.
 24443 | Gauntlet | Found the +0 pair of fencer's gloves {Riposte Dex+3}
 24443 | Gauntlet | Found a transporter.
 24457 | Gauntlet | Found a transporter.
 24491 | Gauntlet | Found a transporter.
 24503 | Gauntlet | Found a transporter.
 24692 | Gauntlet | Identified the +0 cloak of Luzxeth {Str+3 Dex+7}
 24787 | Gauntlet | Identified the ring "Efogekad" {Ice Int+2 SInv}
 24866 | Gauntlet | Identified the amulet "Leokk" {Acrobat rN++}
 25122 | D:15     | Received a gift from Okawaru
 25225 | D:15     | Identified a scroll of acquirement
 25601 | D:15     | Received a gift from Okawaru
 25619 | D:15     | Reached skill level 15 in Shields
 25659 | D:15     | Found a staircase to the Depths.
 26009 | Orc:1    | Entered Level 1 of the Orcish Mines
 26064 | Orc:2    | Entered Level 2 of the Orcish Mines
 26096 | Orc:2    | Identified the +1 robe "Faisk" {rC+} (Okawaru gifted it to
                  | you on level 2 of the Orcish Mines)
 26096 | Orc:2    | Received a gift from Okawaru
 26157 | Orc:2    | Found a roughly hewn altar of Beogh.
 26164 | Orc:2    | Found a staircase to the Elven Halls.
 26290 | Orc:2    | Found a roughly hewn altar of Beogh.
 26386 | Orc:2    | Found a roughly hewn altar of Beogh.
 26387 | Orc:2    | Found Azul's Distillery.
 26415 | Orc:2    | Bought a potion of degeneration for 13 gold pieces
 26415 | Orc:2    | Bought a potion of ambrosia for 104 gold pieces
 26415 | Orc:2    | Bought a potion of mutation for 104 gold pieces
 26421 | Orc:2    | Acquired a manual of Dodging
 26529 | Orc:2    | Found a roughly hewn altar of Beogh.
 26675 | Orc:1    | Reached skill level 10 in Dodging
 26891 | Orc:2    | Found a roughly hewn altar of Beogh.
 26974 | Orc:2    | Found a roughly hewn altar of Beogh.
 27099 | Orc:2    | Found Nuyl's Assorted Antiques.
 27109 | Orc:2    | Bought a scroll of identify for 58 gold pieces
 27183 | Orc:2    | Found a roughly hewn altar of Beogh.
 27201 | Orc:2    | Found a roughly hewn altar of Beogh.
 27240 | Orc:2    | Found a roughly hewn altar of Beogh.
 27260 | Orc:2    | Found Vegusiur's Jewellery Shop.
 27350 | Orc:2    | Found Jurusom's Antique Weapon Emporium.
 27351 | Orc:2    | Found a roughly hewn altar of Beogh.
 27352 | Orc:2    | Found Soilen's Antique Armour Shoppe.
 27367 | Orc:2    | Bought an encrusted plate armour for 1064 gold pieces
 27367 | Orc:2    | Identified the +7 plate armour of Day {Harm *Slow Str+9}
                  | (You bought it in a shop on level 2 of the Orcish Mines)
 27759 | Orc:1    | Found a burning altar of Makhleb.
 27760 | Orc:1    | Found the +4 robe of Augmentation {Str+4 Int+4 Dex+4}
 28122 | Depths:1 | Entered Level 1 of the Depths
 28396 | D:15     | HP: 3/147 [poisoned by a green very ugly thing]
 28513 | D:15     | Reached XP level 17. HP: 141/154 MP: 23/23
 28567 | D:15     | Reached skill level 1 in Evocations
 28750 | D:15     | Killed from afar by a frost giant

Illustrated notes

Levels and vault maps discovered:
D:1:      wheals_arrival_shading, layout_rooms, supply_closet_lemuel
D:2:      layout_basic, uniq_natasha
D:3:      layout_rooms, tso_metal_star, ebering_ecumenical_altar_abandoned,
          saegor_snake_ambush
D:4:      layout_rooms, zin_treasury
D:5:      layout_rooms, minmay_temple_entry_enclosed_plants,
          ebering_ghost_sewer_d, uniq_crazy_yiuf_cottage, uniq_menkaure
D:6:      layout_cave_pods, portal_sewer_entry_d, dk_noncrumbling_2, uniq_pikel
D:7:      layout_loops_corners, grunt_temple_overflow_open, nrook_campfire
D:8:      layout_loops_cross, serial_bayou, serial_bayou_shore_a,
          serial_bayou_pond_b, serial_bayou_pond_b, serial_bayou_ford_a,
          uniq_maurice, uniq_harold, uniq_psyche
D:9:      layout_roguey, nicolae_dithmenos_through_a_glass_darkly,
          chequers_serial_rivers_small_b
D:10:     layout_big_octagon, kennysheep_slug_shrine,
          grunt_lair_entry_orc_guard_hut, david_orc_3,
          kennysheep_opposing_triangles, uniq_grum
D:11:     layout_cave_pods
D:12:     layout_roguey, nicolae_trove_entry_crystal, serial_shops, shop_statue,
          columned_hall_lemuel
D:13:     layout_loops_ring, billiards_dpeg, uniq_azrael
D:14:     kennysheep_seaside_town, layout_basic,
          skrybe_vaults_entry_preservation, serial_corexii_hall,
          chequers_hall_statues_wall_a, corexii_hall_statues_deadend,
          minivault_28, uniq_jorgrun
D:15:     grunt_enter_depths_magical_seal, layout_gridville,
          hangedman_decor_lopped, serial_ice, serial_ice_a, serial_ice_m,
          serial_ice_g, serial_ice_b, gauntlet_entry_generic
Temple:   compressed_dpeg_circular_temple
Lair:1:   minmay_lair_venomous_thicket, layout_long_grid, kennysheep_rathole,
          uniq_gastronok, uniq_fannar
Lair:2:   layout_gridlike, lemuel_fruit_tree
Lair:3:   nzn_winding_woodlands_huge [nzn_winding_woodlands_5x15_longhouse,
          nzn_winding_woodlands_5x15_zeroes,
          nzn_winding_woodlands_5x15_river_crossing,
          nzn_winding_woodlands_5x15_twine, nzn_winding_woodlands_5x15_eye,
          nzn_winding_woodlands_5x15_cabin, nzn_winding_woodlands_5x15_garden,
          nzn_winding_woodlands_5x15_concentric,
          nzn_winding_woodlands_5x15_split_checker,
          nzn_winding_woodlands_5x15_pool,
          nzn_winding_woodlands_center_diamonds,
          nzn_winding_woodlands_center_garden,
          nzn_winding_woodlands_15x15_eel_pit], layout_chaotic_city,
          elwin_shoals_entry_rooms, dummy_snake_entry, infiniplex_staircase_pool
Lair:4:   layout_regular_city, wad_woods_river_01, uniq_josephine
Lair:5:   layout_layer_cave, serial_bayou_pond_d, kennysheep_basilisk_garden
Lair:6:   gammafunk_lair_ancient_temple, layout_regular_city, slime_altar_1
Orc:1:    layout_diamond_mine, bloody_makhleb
Orc:2:    grunt_orc_community_town_hall, layout_caves,
          grunt_orc_community_big_house_1, grunt_orc_community_big_house_2,
          grunt_orc_community_house_3, grunt_orc_community_house_3,
          grunt_orc_community_house_1, grunt_orc_community_house_1,
          grunt_orc_community_house_2, grunt_orc_community_house_3,
          serial_shops, nicolae_lakefront_shop, special_room, basic_altar,
          library_closet, mines2_david
Depths:1: layout_cave_pools, hell_entry, grunt_pan_entry_zigzag,
          amcnicky_mini_rare_corridor_liquid, minmay_crystal_water, led_xom_imps

Skill      XL: |  1  2  3  4  5  6  7  8  9 10 11 12 13 14 15 16 17 |
---------------+----------------------------------------------------+-----
Armour         | 1 2 3 4 5 7 9 10 | 10.4
Fighting       | 3 4 5 7 8 10 12 14 | 14.8
Axes           | 5 6 7 8 |  8.7
Invocations    | 3 9 |  9.1
Shields        | 2 5 6 12 15 | 15.1
Dodging        | 8 12 | 12.1
Short Blades   | 3 10 | 10.0
Maces & Flails | 3 10 13 | 13.3
Throwing       | 2 |  2.4
Evocations     | 2 |  2.3

Action                   |  1- 3 |  4- 6 |  7- 9 | 10-12 | 13-15 | 16-18 || total
-------------------------+-------+-------+-------+-------+-------+-------++-------
Melee: War axe           |    87 |       |       |       |       |       ||    87
       Whip              |    13 |   157 |       |       |       |       ||   170
       Dagger            |       |     1 |   324 |   783 |  1736 |  1083 ||  3927
Throw: Throwing net      |       |     2 |     1 |     4 |     2 |       ||     9
       Dart              |       |       |       |       |     3 |       ||     3
Invok: Heroism           |       |       |       |     1 |     1 |     1 ||     3
       Finesse           |       |       |       |     1 |     1 |     1 ||     3
Evoke: Wand              |       |       |     3 |    27 |     1 |     6 ||    37
  Use: Potion            |     1 |       |       |     2 |     1 |     6 ||    10
       Scroll            |       |       |     4 |     5 |    16 |    16 ||    41
 Stab: Held in net/web   |       |       |     1 |     6 |     1 |       ||     8
       Distracted        |       |       |       |       |     1 |       ||     1
       Petrified         |       |       |       |       |     1 |       ||     1
Armor: Leather armour    |    49 |    15 |       |       |       |       ||    64
       Ring mail         |       |    18 |       |       |       |       ||    18
       Chain mail        |       |     3 |   202 |   320 |   376 |   187 ||  1088
       Skin              |       |       |       |     6 |       |       ||     6
Dodge: Dodged            |   126 |    76 |   198 |   462 |   574 |   386 ||  1822
Block: Buckler           |     2 |    35 |   167 |   451 |   262 |       ||   917
       Reflection        |       |       |     1 |     7 |     6 |    40 ||    54
       Tower shield      |       |       |       |       |   508 |  1242 ||  1750

Table legend: (Time is in decaauts)
 A = Elapsed time spent in this place.
 B = Non-inter-level travel time spent in this place.
 C = Inter-level travel time spent in this place.
 D = Time resting spent in this place.
 E = Time spent auto-exploring this place.
 F = Levels seen in this place.
 G = Mean time per level.
                   A        B        C        D        E       F      G
               +--------+--------+--------+--------+--------+-----+--------+
         Total |  27835 |  25815 |   2020 |   3347 |  16387 |  27 | 1030.9 |
       Dungeon |  17799 |  16456 |   1343 |   2843 |  10280 |  15 | 1186.6 |
        Temple |     62 |      1 |     61 |      0 |      0 |   1 |   62.0 |
          Lair |   6876 |   6519 |    357 |    210 |   4955 |   6 | 1146.0 |
  Orcish Mines |   1774 |   1515 |    259 |     65 |    738 |   2 |  887.0 |
        Depths |    211 |    211 |      0 |    100 |     11 |   1 |  211.0 |
         Sewer |    427 |    427 |      0 |      0 |    205 |   1 |  427.0 |
      Gauntlet |    683 |    683 |      0 |    129 |    197 |   1 |  683.0 |
               +--------+--------+--------+--------+--------+-----+--------+

Top non-repeatable levels by time:
     D:8: 2173 daAuts
    D:10: 1855 daAuts
  Lair:3: 1719 daAuts
    D:14: 1475 daAuts
     D:6: 1337 daAuts
    D:11: 1334 daAuts
   Orc:2: 1270 daAuts
     D:1: 1224 daAuts
  Lair:5: 1211 daAuts
     D:2: 1201 daAuts
  Lair:4: 1143 daAuts
    D:13: 1126 daAuts
    D:15: 1099 daAuts
  Lair:6: 1051 daAuts
     D:7: 988 daAuts
